 Dungeon Crawl Stone Soup version 0.31.0-9-g3a7656b989 (webtiles) character file.

Game seed: 14780780951754790935

466 qw the Skirmisher (level 6, 0/30 HPs)
             Began as a Spriggan Hunter on Feb 2, 2024.
             Was a Follower of Okawaru.
             Slain by a kobold brigand
             ... wielding a +0 short sword
              (3 damage)
             ... in a sewer.
             The game lasted 00:00:12 (2720 turns).

qw the Skirmisher (Spriggan Hunter)                 Turns: 2720, Time: 00:00:13

Health: 0/30       AC:  2    Str:  7    XL:     6   Next: 81%
Magic:  8/8        EV: 24    Int: 11    God:    Okawaru [*.....]
Gold:   64         SH:  0    Dex: 26    Spells: 5/5 levels left

rFire   . . .        a - +1 shortbow
rCold   . . .        (shield currently unavailable)
rNeg    . . .        i - +0 robe {Will+}
rPois   .            (helmet restricted)
rElec   .            (no cloak)
rCorr   .            (gloves unavailable)
SInv    +            (boots unavailable)
Will    ++...        n - amulet of faith
Stlth   ++           d - +6 ring of dexterity
HPRegen 0.25/turn    (no ring)
MPRegen 0.11/turn

%: faith
@: about to teleport, very quick
A: very small, no large weapons, unfitting armour, see invisible, speed 3
a: Renounce Religion, Heroism


You were in a sewer.
You worshipped Okawaru.
Okawaru was aware of your devotion.
You visited 1 branch of the dungeon, and saw 4 of its levels.
You also visited: Sewer.

You collected 296 gold pieces.
You spent 232 gold pieces at shops.


Innate Abilities, Weirdness & Mutations

You are very small and have problems with some larger weapons.
You are too small for most types of armour.
You have supernaturally acute eyesight. (SInv)
You cover ground extremely quickly. (Speed+++)


   Skills:
 - Level 2.0 Fighting
 - Level 10.1 Ranged Weapons
 + Level 6.7 Dodging
 - Level 1.5 Stealth
 + Level 1.5 Invocations


You had 5 spell levels left.
You didn't know any spells.
Your spell library was empty.

Inventory:

Hand Weapons
 a - a +1 shortbow (weapon)
Armour
 i - a +0 robe of willpower (worn)
Jewellery
 d - a +6 ring of dexterity (left hand)
 h - a ring of fire
 n - an amulet of faith (around neck)
Potions
 b - a potion of resistance
 c - a potion of cancellation
 e - a potion of curing
 g - a potion of heal wounds {unknown}
 j - a potion of might
 k - a potion of ambrosia {unknown}

Dungeon Overview and Level Annotations

Branches:
Dungeon (4/15)              Sewer (1/1)
 Temple: D:4-7

Altars:
Fedhas
Hepliaklqana
Okawaru
Wu Jian

Shops:
D:4 **


Message History

Found four items.
Found a gate leading back out of this place.
You shoot an arrow. The kobold shouts!
The arrow hits the kobold!
You kill the kobold!
Okawaru accepts your kill.
You shoot an arrow. The arrow hits the kobold brigand!
The kobold brigand is moderately wounded.
You shoot an arrow.
The arrow hits the kobold brigand but does no damage.
The kobold brigand is moderately wounded.
You shoot an arrow. The arrow hits the kobold brigand!
The kobold brigand is heavily wounded.
The kobold brigand hits you with a +0 short sword!
The kobold completely misses you.
The kobold brigand completely misses you.
You shoot an arrow. The arrow hits the kobold brigand.
The kobold brigand is severely wounded.
The kobold brigand hits you with a +0 short sword.
The kobold hits you with a +0 dagger. The kobold completely misses you.
The kobold brigand closely misses you.
You shoot an arrow. The arrow hits the kobold brigand.
The kobold brigand is severely wounded.
The kobold brigand misses you. The kobold completely misses you.
The kobold hits you with a +0 dagger. The kobold brigand closely misses you.
You shoot an arrow.
The arrow completely misses the kobold brigand.
The kobold brigand misses you. The kobold barely misses you.
The kobold closely misses you. The kobold brigand misses you.
You shoot an arrow.
The arrow barely misses the kobold brigand.
The kobold brigand hits you with a +0 short sword!
The kobold hits you with a +0 dagger. The kobold misses you.
The kobold brigand hits you with a +0 club.
2720 ||| READING scroll of teleportation.
As you read the scroll of teleportation, it crumbles to dust.
You feel strangely unstable.
The kobold brigand hits you with a +0 short sword.
You die...

### ##### #.##.....
########........
#####....#..........
#.\.#?!!.KK.........
#.\.#.\.KK@.~P~~....
#...#.!.K#K~~~P~....
###'########~~######
#~~~~~~~~~~~~~~~~~~~
#~~~~~~~~~~~~~~~~~~~
#~~~~~~~~~~~~~~~~~~~
#################~~~
~P .


You could see 2 kobold brigands and 4 kobolds.

Vanquished Creatures
  Menkaure (D:4)
  An ogre (D:4)
  An orc wizard (D:4)
  3 gnolls
  10 adders
  3 dart slugs
  2 ribbon worms
  4 orcs (D:4)
  8 ball pythons
  4 endoplasms
  5 giant cockroaches
  4 goblins
  10 hobgoblins
  4 kobolds
  4 quokkas
  A bat (D:2)
  4 frilled lizards
  9 rats
78 creatures vanquished.

Notes
Turn   | Place    | Note
-------+----------+-------------------------------------------
     0 | D:1      | qw the Spriggan Hunter began the quest for the Orb.
     0 | D:1      | Reached XP level 1. HP: 10/10 MP: 2/2
     0 | D:1      | 0 ||| qw: Version: 0.3-a-155-g5e7d8dd
     0 | D:1      | 0 ||| qw: Game counter: 2056
     0 | D:1      | 0 ||| qw: Melee chars always use a shield: true
     0 | D:1      | 0 ||| qw: God list: Okawaru
     0 | D:1      | 0 ||| qw: Allow faded altars: false
     0 | D:1      | 0 ||| qw: Do Orc after clearing Dungeon:15 true
     0 | D:1      | 0 ||| qw: Do second Lair branch before Depths: true
     0 | D:1      | 0 ||| qw: Lair rune preference: random
     0 | D:1      | 0 ||| qw: Goals: Normal
     0 | D:1      | 0 ||| PLANNING D:1-11
    20 | D:1      | Reached skill level 3 in Dodging
    87 | D:1      | Reached XP level 2. HP: 14/14 MP: 3/3
   535 | D:1      | 535 ||| READING scroll labelled VYERU YXTIM.
   535 | D:1      | 535 ||| IDENTIFYING fuming blue potion
   536 | D:1      | 536 ||| DRINKING potion of experience.
   536 | D:1      | Reached skill level 10 in Ranged Weapons
   536 | D:1      | Reached XP level 3. HP: 18/18 MP: 4/4
   537 | D:1      | 537 ||| DROPPING scroll of butterflies.
   614 | D:2      | Found an ornate altar of the Wu Jian Council.
   639 | D:2      | Reached XP level 4. HP: 21/22 MP: 5/5
  1033 | D:2      | 1033 ||| READING scroll labelled SUGGUC TEUPU.
  1034 | D:2      | 1034 ||| READING scroll labelled PIMOGASM IBRA.
  1034 | D:2      | 1034 ||| ENCHANTING +0 shortbow.
  1035 | D:2      | 1035 ||| READING scroll labelled GECISI TYDOLLU.
  1136 | D:2      | 1136 ||| DRINKING 2 brown potions.
  1162 | D:3      | Found a blossoming altar of Fedhas.
  1251 | D:3      | Found an iron altar of Okawaru.
  1252 | D:3      | 1252 ||| PLANNING OKAWARU WORSHIP
  1256 | D:3      | Became a worshipper of Warmaster Okawaru
  1257 | D:3      | 1257 ||| PLANNING D:1-11
  1478 | D:3      | Reached XP level 5. HP: 25/25 MP: 6/6
  1596 | D:3      | Found a hazy altar of Hepliaklqana.
  1935 | D:3      | 1935 ||| UPGRADING to +0 robe of willpower.
  1945 | D:3      | 1945 ||| DROPPING +0 robe.
  1946 | D:3      | 1946 ||| READING scroll labelled XAFRYB TOARIAN.
  1946 | D:3      | 1946 ||| ENCHANTING +1 shortbow.
  1972 | D:4      | 1972 ||| PLANNING SEWER
  1993 | D:4      | Found Wott's General Store.
  1999 | D:4      | Found Deagivis's Specific Store.
  2005 | D:4      | 2005 ||| BUYING potion of cancellation (80 gold).
  2005 | D:4      | Bought a potion of cancellation for 80 gold pieces
  2009 | D:4      | 2009 ||| BUYING potion of might (48 gold).
  2009 | D:4      | Bought a potion of might for 48 gold pieces
  2009 | D:4      | 2009 ||| BUYING scroll of identify (24 gold).
  2009 | D:4      | Bought a scroll of identify for 24 gold pieces
  2009 | D:4      | 2009 ||| BUYING scroll of identify (24 gold).
  2009 | D:4      | Bought a scroll of identify for 24 gold pieces
  2009 | D:4      | 2009 ||| BUYING scroll of teleportation (36 gold).
  2009 | D:4      | Bought a scroll of teleportation for 36 gold pieces
  2114 | D:4      | Found Biqoun's General Store.
  2124 | D:4      | 2124 ||| SHOPLISTING potion of heal wounds (50 gold, have
                  | 48).
  2124 | D:4      | 2124 ||| SHOPLISTING scroll of enchant weapon (75 gold,
                  | have 48).
  2124 | D:4      | 2124 ||| BUYING scroll of identify (20 gold).
  2124 | D:4      | Bought a scroll of identify for 20 gold pieces
  2124 | D:4      | 2124 ||| SHOPLISTING scroll of teleportation (30 gold, have
                  | 28).
  2149 | D:4      | Noticed Menkaure
  2152 | D:4      | 2152 ||| FLEEEEING.
  2157 | D:4      | 2157 ||| FLEEEEING.
  2159 | D:4      | 2159 ||| FLEEEEING.
  2161 | D:4      | 2161 ||| FLEEEEING.
  2162 | D:4      | 2162 ||| FLEEEEING.
  2163 | D:4      | 2163 ||| FLEEEEING.
  2164 | D:4      | 2164 ||| FLEEEEING.
  2165 | D:4      | 2165 ||| FLEEEEING.
  2166 | D:4      | 2166 ||| FLEEEEING.
  2167 | D:4      | 2167 ||| FLEEEEING.
  2168 | D:4      | 2168 ||| FLEEEEING.
  2170 | D:4      | 2170 ||| FLEEEEING.
  2171 | D:4      | 2171 ||| FLEEEEING.
  2172 | D:4      | 2172 ||| FLEEEEING.
  2173 | D:4      | 2173 ||| FLEEEEING.
  2174 | D:4      | 2174 ||| FLEEEEING.
  2175 | D:4      | 2175 ||| FLEEEEING.
  2176 | D:4      | 2176 ||| FLEEEEING.
  2177 | D:4      | 2177 ||| FLEEEEING.
  2181 | D:4      | 2181 ||| FLEEEEING.
  2182 | D:4      | 2182 ||| FLEEEEING.
  2183 | D:4      | 2183 ||| FLEEEEING.
  2184 | D:4      | 2184 ||| FLEEEEING.
  2185 | D:4      | 2185 ||| FLEEEEING.
  2186 | D:4      | 2186 ||| FLEEEEING.
  2187 | D:4      | 2187 ||| FLEEEEING.
  2188 | D:4      | 2188 ||| FLEEEEING.
  2189 | D:4      | 2189 ||| FLEEEEING.
  2191 | D:4      | 2191 ||| FLEEEEING.
  2192 | D:4      | 2192 ||| STAIRDANCE
  2241 | D:3      | 2241 ||| UPGRADING to amulet of faith.
  2246 | D:3      | 2246 ||| READING 3 scrolls of identify.
  2246 | D:3      | 2246 ||| IDENTIFYING cyan potion
  2247 | D:3      | 2247 ||| READING 2 scrolls of identify.
  2247 | D:3      | 2247 ||| IDENTIFYING viscous puce potion
  2248 | D:3      | 2248 ||| READING scroll of identify.
  2248 | D:3      | 2248 ||| IDENTIFYING lumpy emerald potion
  2249 | D:3      | 2249 ||| DROPPING potion of berserk rage.
  2252 | D:4      | 2252 ||| STAIRDANCE
  2303 | D:4      | 2303 ||| DRINKING potion of haste.
  2307 | D:4      | Killed Menkaure
  2308 | D:4      | Reached skill level 6 in Dodging
  2308 | D:4      | Reached XP level 6. HP: 30/30 MP: 7/7
  2320 | D:4      | Found an ornate altar of the Wu Jian Council.
  2337 | D:4      | Reached * piety under Okawaru
  2455 | D:4      | Reached skill level 1 in Invocations
  2687 | D:4      | Found a glowing drain.
  2688 | D:4      | 2688 ||| UPGRADING to +6 ring of dexterity.
  2689 | D:4      | 2689 ||| READING scroll labelled DEWEODD WIOTUOTZ.
  2693 | Sewer    | Entered a sewer
  2719 | Sewer    | HP: 7/30 [kobold brigand/+0 short sword (7)]
  2719 | Sewer    | HP: 3/30 [kobold brigand/+0 club (3)]
  2720 | Sewer    | 2720 ||| READING scroll of teleportation.
  2720 | Sewer    | Slain by a kobold brigand

Levels and vault maps discovered:
D:1:      psy_arrival_statuary, layout_basic, minivault_11, serial_bayou_pond_c
D:2:      minmay_chambers_of_ones, layout_rooms, basic_altar
D:3:      layout_loops_ring, fedhas_altar_1, mainiacjoe_overflow_catch_the_wave,
          wad_rectangle_vault
D:4:      layout_cave_pools, mainiacjoe_overflow_24_doors, gup_sewer_entry_bowl,
          serial_shops, shop, nicolae_specific_store, minmay_circle_x,
          uniq_menkaure
Sewer:    kennysheep_pipe_town

Skill      XL: |  1  2  3  4  5  6 |
---------------+-------------------+-----
Dodging        | 3 4 6 |  6.7
Ranged Weapons | 10 | 10.1
Fighting       | 2 |  2.0
Invocations    | 1 |  1.5
Stealth        | |  1.5

Action                     |  1- 3 |  4- 6 || total
---------------------------+-------+-------++-------
   Fire: Shortbow          |    57 |   150 ||   207
    Use: Scroll            |     1 |     9 ||    10
         Potion            |     1 |     2 ||     3
 Armour: Robe              |     2 |    14 ||    16
  Dodge: Dodged            |     9 |    34 ||    43

Table legend:
 A = Non-vault XP
 B = Vault XP
 C = Vault XP percentage of total XP
 D = Non-vault monster count
 E = Vault monster count
 F = Vault count percentage of total count
                 A         B        C        D         E       F
            +---------+---------+-------+---------+---------+-------
      Total |     288 |     332 |  53.5 |      59 |      19 |  24.4
            +---------+---------+-------+---------+---------+-------
        D:1 |      32 |       0 |   0.0 |      20 |       0 |   0.0
        D:2 |      66 |      11 |  14.3 |      16 |       5 |  23.8
        D:3 |      35 |      22 |  38.6 |       5 |       6 |  54.5
        D:4 |     155 |     297 |  65.7 |      18 |       6 |  25.0
      Sewer |       0 |       2 | 100.0 |       0 |       2 | 100.0
            +---------+---------+-------+---------+---------+-------
